 Dungeon Crawl Stone Soup version 0.31.0-32-g396128a36d (webtiles) character file.

Game seed: 12691889457937995725

60 monsoonserge the Changeling (level 4, 0/29 HPs)
             Began as an Octopode Shapeshifter on Apr 8, 2024.
             Hit by a goblin thrown by Robin (2 damage)
             ... on level 2 of the Dungeon.
             The game lasted 00:01:41 (573 turns).

monsoonserge the Changeling (Octopode Shapeshifter)  Turns: 573, Time: 00:01:41

Health: 0/29       AC:  1    Str: 15    XL:     4   Next: 4%
Magic:  4/4        EV: 13    Int: 12    God:
Gold:   39         SH:  0    Dex: 11    Spells: 3/3 levels left

rFire   . .          .
                       - Unarmed
rCold   . . .        (no shield)
rNeg    . . .        (helmet currently unavailable)
rPois   .            (no amulet)
rElec   .            (no ring)
rCorr   .            (no ring)
SInv    .            (no ring)
Will    .....        (no ring)
Stlth   +++          (no ring)
HPRegen 0.24/turn    (no ring)
MPRegen 0.09/turn    (no ring)
                     (no ring)

%: no passive effects
@: beast-form
A: beast (slay +1), almost no armour, amphibious, 8 rings, camouflage 1,
gelatinous body 1, (nimble swimmer 1), tentacles
a: Begin Untransformation


You were on level 2 of the Dungeon.
You were a hulking beast.
You visited 1 branch of the dungeon, and saw 2 of its levels.

You collected 39 gold pieces.

Inventory:

Talismans
 b - a beast talisman
 c - a flux talisman
Scrolls
 d - a scroll of silence {unknown}
 e - a scroll of identify {unknown}
 f - a scroll of fog {unknown}
Potions
 a - a potion of lignification


   Skills:
 * Level 2.0 Fighting
 * Level 2.5 Dodging
 * Level 2.1 Stealth
 + Level 3.2 Unarmed Combat
 * Level 3.3 Shapeshifting


You had 3 spell levels left.
You didn't know any spells.
Your spell library was empty.

Dungeon Overview and Level Annotations

Branches:
Dungeon (2/15)

Altars:

Annotations:
D:2 Robin


Innate Abilities, Weirdness & Mutations

You are a hulking beast.
Your limbs bulge with bestial killing power. (Slay +1)
You cannot wear most types of armour.
You are amphibious.
You can wear up to eight rings at the same time.
Your skin changes colour to match your surroundings (Stealth+).
Your rubbery body absorbs attacks. (AC +1, EV +1)
((You are camouflaged when in or above water. (Stealth+)))
You have tentacles for arms and can constrict up to eight enemies at once.


Message History

The goblin shouts!
You grab the goblin.
You constrict Terence, but do no damage.
You constrict the goblin. Terence hits you with a +0 flail.
* * * LOW HITPOINT WARNING * * *
The goblin barely misses you.
You tentacle-slap Terence.
You kill Terence!
You constrict the goblin.
You kill the goblin!
A goblin comes into view. It is wielding a +0 club.
Your Stealth skill increases to level 2!
Unknown command.
You tentacle-slap the goblin. Your grab misses the goblin.
The goblin is moderately wounded.
The goblin hits you with a +0 club.
* * * LOW HITPOINT WARNING * * *
You barely miss the goblin. You grab the goblin.
The goblin is moderately wounded.
You constrict the goblin.
You kill the goblin!
A hobgoblin comes into view.
The goblin hits you with a +0 club.
* * * LOW HITPOINT WARNING * * *
Your Fighting skill increases to level 2!
You have reached level 4!
You tentacle-slap the goblin. You grab the goblin.
The goblin is almost dead.
You constrict the goblin.
You kill the goblin!
The goblin barely misses you.
You bludgeon the goblin!
You kill the goblin!
Robin of the Strong Arm comes into view.
They are wielding a +0 falchion and carrying a wand of flame.
You tentacle-slap the hobgoblin but do no damage.
Your grab misses the hobgoblin.
You squeeze the hobgoblin, but do no damage.
Robin throws the goblin at you!
You die...
Robin says, "And that's why I'm the boss."

# #####
#.###g#<..#
#.....gh#...#
#####.).g.#.#
####.## # .#
.. ###


You could see Robin, a hobgoblin and a goblin (wandering).

Vanquished Creatures
  Terence (D:2)
  2 dart slugs (D:1)
  3 endoplasms (D:1)
  6 goblins
  4 hobgoblins (D:1)
  5 kobolds (D:1)
  3 bats (D:1)
  2 frilled lizards (D:1)
  A rat (D:1)
27 creatures vanquished.

Notes
Turn   | Place    | Note
-------+----------+-------------------------------------------
     0 | D:1      | monsoonserge the Octopode Shapeshifter began the quest for
                  | the Orb.
     0 | D:1      | Reached XP level 1. HP: 13/13 MP: 1/1
    79 | D:1      | Reached XP level 2. HP: 7/18 MP: 2/2
   158 | D:1      | Reached skill level 1 in Stealth
   372 | D:1      | Reached XP level 3. HP: 23/23 MP: 3/3
   562 | D:2      | Noticed Terence
   568 | D:2      | Killed Terence
   570 | D:2      | HP: 1/24 [goblin/+0 club[Robin] (2)]
   571 | D:2      | Reached XP level 4. HP: 1/29 MP: 4/4
   572 | D:2      | Noticed Robin
   573 | D:2      | Hit by a goblin thrown by Robin

Illustrated notes

Levels and vault maps discovered:
D:1:      sevenhm_arrival_forest_fort_small_3, layout_rooms
D:2:      layout_basic, uniq_terence, uniq_robin, uniq_jessica,
          uniq_crazy_yiuf_cottage

Skill      XL: |  1  2  3 |
---------------+----------+-----
Stealth        | 1 2 |  2.1
Fighting       | 2 |  2.0
Dodging        | |  2.5
Unarmed Combat | |  3.2
Shapeshifting  | |  3.3

Action                     |  1- 3 |  4- 6 || total
---------------------------+-------+-------++-------
  Melee: Unarmed           |    47 |     3 ||    50
         Constrict         |    14 |     1 ||    15
         Tentacles         |     6 |     1 ||     7
         Punch             |     1 |       ||     1
   Stab: Sleeping          |     4 |       ||     4
 Armour: Skin              |    16 |     1 ||    17
  Dodge: Dodged            |    24 |     1 ||    25
